AoeStats
← AKX Is Undone

Fortress

510051759Analyzed
2v2 RM · 2d ago on Sep 29, 2026· 20m 41s· 4 players
Game mode
Random Map
Map size
Normal (6 player)
Population
200
Speed
Normal
Resources
Standard
Victory
Conquest
Starting age
Dark Age
Ending age
Imperial Age
RankedLock teamsTeams togetherTeam positionsShared explorationLock speedFull tech treeHidden civsTurbo modeCheats
Victory
Defeat
🇺🇸 Tupi · United States
878
+11
🇺🇸 Celts · United States
872
+11
🇨🇳 Huns · China
807
-13
🇨🇳 Burmese · China
707
-9
arexabcu1974
12:26 Feudal Age
14:27 Wheelbarrow
13:36 Horse Collar
17:46 Castle Age
20:26 Hand Cart
20:41 Heavy Plow
20:36 Stone Mining
20:36 Gold Mining
aszsgs
0:51 Loom
8:18 Feudal Age
9:10 Double-Bit Axe
9:08 Horse Collar
10:07 Wheelbarrow
9:26 Gold Mining
15:13 Castle Age
15:52 Bloodlines
17:12 Bow Saw
AKX Is Undone
8:55 Feudal Age
14:58 Castle Age
13:53 Double-Bit Axe
13:57 Horse Collar
14:54 Gold Mining
17:01 Loom
17:10 Fletching
20:08 Bodkin Arrow
Rebuildnoob
0:52 Loom
7:27 Feudal Age
8:07 Double-Bit Axe
14:44 Castle Age
13:13 Scale Mail Armor
16:54 Pikeman
Connection lost

Rejoining the realm…

Still unreachable

The connection could not be restored.

Session expired

The server has moved on; the page needs a fresh start.